 Dungeon Crawl Stone Soup version 0.20-a0-1016-g241539b (webtiles) character file.

859 Multipenetrator the Chopper (level 8, -10/62 HPs)
             Began as a Formicid Fighter on Apr 16, 2017.
             Was a Believer of Cheibriados.
             Mangled by a gnoll
             ... wielding a +0 halberd
              (14 damage)
             ... on level 5 of the Dungeon.
             The game lasted 00:19:27 (4089 turns).

Multipenetrator the Chopper (Formicid Fighter)      Turns: 4089, Time: 00:19:28

Health: -10/62     AC:  7    Str: 26    XL:     8   Next: 22%
Magic:  8/8        EV: 11    Int: 12    God:    Cheibriados [**....]
Gold:   236        SH: 11    Dex: 15    Spells: 7/7 levels left

rFire    + . .     SeeInvis +   a - +0 war axe
rCold    . . .     Gourm    .   c - +0 shield
rNeg     . . .     Faith    .   w - +2 ring mail {rF+}
rPois    +         Spirit   .   (helmet unavailable)
rElec    .         Reflect  .   (no cloak)
rCorr    .         Harm     .   (no gloves)
MR       .....                  (no boots)
Stlth    +.........             (no amulet)
Regen    0.2/turn               B - ring of poison resistance
MPRegen  0.2/turn               D - ring of flight

@: glowing, very slow
A: permanent stasis, dig shafts and tunnels, four strong arms, antennae 3
a: Dig, Shaft Self, Bend Time, Renounce Religion, Evoke Flight


You were on level 5 of the Dungeon.
You worshipped Cheibriados.
Cheibriados was pleased with you.
You were hungry.

You visited 1 branch of the dungeon, and saw 5 of its levels.

You collected 305 gold pieces.
You spent 69 gold pieces at shops.

Inventory:

Hand Weapons
 a - a +0 war axe (weapon)
Missiles
 t - 3 throwing nets (quivered)
Armour
 b - a +0 scale mail
 c - a +0 shield (worn)
 p - a +2 leather armour of magic resistance
 w - a +2 ring mail of fire resistance (worn)
Jewellery
 B - a ring of poison resistance (left hand)
 D - a ring of flight (right hand)
 G - a cursed ring of loudness {unknown}
Wands
 o - a wand of enslavement (1/24)
Scrolls
 e - 2 scrolls of teleportation {unknown}
 k - 6 scrolls of identify {unknown}
 n - a scroll of fog {unknown}
 q - a scroll of immolation {unknown}
 r - 3 scrolls of remove curse {unknown}
 v - 2 scrolls of blinking {unknown}
 y - a scroll of enchant weapon {unknown}
 E - a scroll of amnesia {unknown}
 F - a scroll of enchant armour {unknown}
Potions
 i - 2 potions of curing
 j - a potion of heal wounds {unknown}
 l - a potion of degeneration {unknown}
 m - a potion of ambrosia {unknown}
 s - a potion of agility {unknown}
 u - a potion of lignification {unknown}
 x - 2 potions of mutation {unknown}
 A - 4 potions of flight {unknown}
Books
 d - a Young Poisoner's Handbook

   Spells                             Type                      Level
   a - Sting                          Conjuration/Poison           1
   b - Poisonous Vapours              Poison/Air                   2
   c - Mephitic Cloud                 Conjuration/Poison/Air       3
   d - Olgreb's Toxic Radiance        Poison                       4
   e - Venom Bolt                     Conjuration/Poison           5
Comestibles
 f - 2 bread rations
 g - 4 royal jellies
 h - a meat ration
 z - 4 fruits


   Skills:
 + Level 5.2 Fighting
 + Level 5.9 Axes
 + Level 4.2 Armour
 + Level 2.2 Dodging
 + Level 0.3 Stealth
 * Level 5.9 Shields


You had 7 spell levels left.
You didn't know any spells.

Dungeon Overview and Level Annotations

Branches:
Dungeon (5/15)
 Temple: D:4-7

Altars:
Cheibriados
Elyvilon
Nemelex Xobeh
Okawaru
Qazlal
Vehumet
The Shining One

Shops:
D:4 *


Innate Abilities, Weirdness & Mutations

You cannot be hasted, slowed, berserked, paralysed or teleported.
You can dig through walls and to a lower floor.
Your four strong arms can wield two-handed weapons with a shield.
You have a pair of large antennae on your head. (SInv)


Message History

You block the gnoll's attack.
The gnoll hits you from afar with a halberd!
* * * LOW HITPOINT WARNING * * *
You block the gnoll's attack.
The gnoll hits you from afar with a halberd.
* * * LOW HITPOINT WARNING * * *
The gnoll hits you with a halberd!
* * * LOW HITPOINT WARNING * * *
Throwing (i - inventory):
t - 3 throwing nets (quivered)
Press: ? - help, Shift-Dir - straight line, f - gnoll
Aim: a gnoll, wielding a halberd (heavily wounded)
Okay, then.
Are you sure you want to shaft yourself? [Y]es or [N]o only, please.
Are you sure you want to shaft yourself?
You are feeling hungry.
You block the gnoll's attack.
You begin to dig a shaft.
You continue digging a shaft.
You block the gnoll's attack. The gnoll hits you with a halberd!
You die...

..#.####.........# #####..<..
#........#######.### ###.#.
#...##...# ##...## #.#.
#...##.#.# #.....# #.#.
.........# #.....##########.#.
#...###..# #.....##.......(.#.
.........# ##.......#######.#.
#........#######..#.#.#.######.#.
#..#####........@.#..###.......#.
..............###g###.#.######...
#############.###g####.#########.
# ########.#.................. #
###.....#......####.##########
####...# #.........# #.# . .....#
#.#....##.# #.# ##
#.#.###.##.#.##.###.# #
#.......##..........#


You could see 2 gnolls.

Vanquished Creatures
  Sigmund (D:5)
  An ice beast (D:5)
  2 ogres
  A bullfrog (D:5)
  A gnoll shaman (D:5)
  A hound (D:5)
  An orc wizard (D:4)
  Ijyb (D:2)
  An iguana (D:4)
  A worker ant (D:4)
  Terence (D:2)
  2 gnolls
  6 adders
  An ooze (D:4)
  3 worms
  A dart slug (D:2)
  3 leopard geckos
  16 orcs
  4 giant cockroaches
  20 goblins
  6 hobgoblins
  12 jackals
  6 bats
  3 frilled lizards
  8 kobolds
  2 quokka skeletons (D:5)
  7 rats
112 creatures vanquished.

Notes
Turn   | Place    | Note
-------+----------+-------------------------------------------
     0 | D:1      | Multipenetrator the Formicid Fighter began the quest for the Orb.
     0 | D:1      | Reached XP level 1. HP: 18/18 MP: 1/1
    90 | D:1      | Reached XP level 2. HP: 19/24 MP: 2/2
   532 | D:1      | Reached XP level 3. HP: 30/30 MP: 3/3
  1216 | D:2      | Reached XP level 4. HP: 20/37 MP: 4/4
  1304 | D:2      | Reached skill level 1 in Dodging
  1450 | D:2      | Noticed Ijyb
  1468 | D:2      | Killed Ijyb
  1468 | D:2      | Reached XP level 5. HP: 22/42 MP: 5/5
  1709 | D:2      | Noticed Terence
  1717 | D:2      | Killed Terence
  2102 | D:3      | Found a radiant altar of Vehumet.
  2106 | D:3      | Found a glowing golden altar of the Shining One.
  2106 | D:3      | Found a snail-covered altar of Cheibriados.
  2106 | D:3      | Found a sparkling altar of Nemelex Xobeh.
  2122 | D:3      | Became a worshipper of Cheibriados the Contemplative
  2525 | D:3      | Found a stormy altar of Qazlal.
  2527 | D:3      | Noticed a water elemental
  2528 | D:3      | Noticed an air elemental
  2528 | D:3      | Noticed a fire elemental
  2806 | D:4      | Reached XP level 6. HP: 49/49 MP: 6/6
  2841 | D:4      | Found Pohijiucha's Assorted Antiques.
  2875 | D:4      | Bought a bubbling grey potion for 21 gold pieces
  2875 | D:4      | Bought a scroll labeled AGGITU SOPI for 24 gold pieces
  2875 | D:4      | Bought a scroll labeled WAOCIU HYALEPE for 24 gold pieces
  2922 | D:4      | Noticed an ogre
  2939 | D:4      | Killed an ogre
  2939 | D:4      | Reached * piety under Cheibriados
  2940 | D:4      | Found a white marble altar of Elyvilon.
  2947 | D:4      | HP: 1/49 [orc wizard/magic dart (4)]
  3428 | D:4      | Found an iron altar of Okawaru.
  3437 | D:4      | Reached XP level 7. HP: 53/55 MP: 7/7
  3557 | D:5      | Entered Level 5 of the Dungeon
  3631 | D:5      | Reached skill level 5 in Axes
  3631 | D:5      | Reached skill level 5 in Shields
  3688 | D:5      | Noticed Sigmund
  3699 | D:5      | Reached skill level 5 in Fighting
  3706 | D:5      | Killed Sigmund
  3706 | D:5      | Reached ** piety under Cheibriados
  3706 | D:5      | Reached XP level 8. HP: 25/62 MP: 8/8
  4089 | D:5      | Mangled by a gnoll

Vault maps used:
D:1:      dpeg_arrival_refuge, due_unseen_surprise
D:2:      kennysheep_goblin_castle, minmay_misc_feat_square, roderic_lattice_a,
          uniq_terence
D:3:      wad_crossroads, nicolae_qazlal_style_of_elements,
          grunt_temple_overflow_open, first_bread
D:4:      old_standard_altar, okawaru_altar_gauntlet_db, serial_shops, shop
D:5:      uniq_sigmund

Skill      XL: |  1  2  3  4  5  6  7 |
---------------+----------------------+-----
Shields        | 4 5 |  5.9
Fighting       | 4 5 |  5.2
Dodging        | 1 2 |  2.2
Axes           | 3 4 5 |  5.9
Armour         | 4 |  4.2
Stealth        | |  0.3

Action                   |  1- 3 |  4- 6 |  7- 9 || total
-------------------------+-------+-------+-------++-------
Melee: War axe           |    97 |   188 |    74 ||   359
 Abil: Shaft Self        |       |       |     1 ||     1
  Use: Potion            |       |     1 |     1 ||     2
 Stab: Sleeping          |       |     2 |       ||     2
  Eat: Chunk             |     1 |     7 |     1 ||     9
Armor: Scale mail        |    35 |    13 |       ||    48
       Leather armour    |       |    32 |       ||    32
       Ring mail         |       |     9 |    15 ||    24
Dodge: Dodged            |    37 |    95 |    30 ||   162
Block: Shield            |    56 |   118 |    50 ||   224
